 Dungeon Crawl Stone Soup version 0.32-a0-675-gdc239d62e1 (webtiles) character file.

Game seed: 14695963880396067126

13532 bearlyready the Bludgeoner (level 11, -3/104 HPs)
             Began as a Mountain Dwarf Monk on Mar 11, 2024.
             Was an Elder of Nemelex Xobeh.
             Slain by a komodo dragon (17 damage)
             ... on level 10 of the Dungeon.
             The game lasted 00:29:51 (10646 turns).

bearlyready the Bludgeoner (Mountain Dwarf Monk)   Turns: 10646, Time: 00:29:52

Health: -3/104     AC: 13    Str: 19    XL:     11   Next: 76%
Magic:  19/19      EV: 10    Int: 10    God:    Nemelex Xobeh [****..]
Gold:   141        SH:  0    Dex: 12    Spells: 10/10 levels left

rFire   . . .        H - +1 flail (holy)
rCold   . . .        d - orb {light}
rNeg    . . .        l - +0 plate armour
rPois   .            k - +0 helmet
rElec   .            (no cloak)
rCorr   .            q - +1 pair of gloves
SInv    .            (no boots)
Will    +....        (no amulet) Stlth
                     o - ring of flight
HPRegen 0.37/turn    u - +5 ring of evasion
MPRegen 0.16/turn

%: no passive effects
@: elixired, flying, glowing
A: runic magic, artefact enchanting
a: Renounce Religion, Draw Escape, Draw Destruction, Draw Summoning, Triple
Draw, Deal Four


You were on level 10 of the Dungeon.
You worshipped Nemelex Xobeh.
Nemelex Xobeh was greatly pleased with you.
You visited 1 branch of the dungeon, and saw 10 of its levels.

You collected 429 gold pieces.
You spent 288 gold pieces at shops.

Inventory:

Hand Weapons
 a - a +0 mace
 v - a +2 whip of venom
 H - a +1 flail of holy wrath (weapon)
Missiles
 e - 89 stones (quivered)
 h - 9 atropa-tipped darts
 m - a curare-tipped dart
 F - 17 poisoned darts
Armour
 d - an orb of light (worn)
 k - a +0 helmet (worn)
 l - a +0 plate armour (worn)
 q - a +1 pair of gloves (worn)
 J - +0 acid dragon scales
Jewellery
 g - a +6 ring of dexterity
 o - a ring of flight (left hand)
 u - a +5 ring of evasion (right hand)
 L - a +4 ring of protection
Wands
 b - a wand of polymorph (10)
Scrolls
 c - a scroll of vulnerability
 f - 2 scrolls of enchant weapon
 i - a scroll of enchant armour
 j - a scroll of butterflies
 n - 3 scrolls of teleportation
 p - 2 scrolls of fog
 r - 3 scrolls of poison
 y - 5 scrolls of amnesia
 G - 2 scrolls of immolation
 K - 2 scrolls of identify
Potions
 s - 2 potions of might {unknown}
 t - 2 potions of haste {unknown}
 w - 2 potions of lignification
 x - 4 potions of attraction {unknown}
 z - 4 potions of curing {unknown}
 A - 2 potions of mutation {unknown}
 B - a potion of magic {unknown}
 C - a potion of degeneration {unknown}
 D - a potion of invisibility {unknown}
 E - a potion of resistance {unknown}
 I - 2 potions of enlightenment {unknown}


   Skills:
 - Level 12.3 Fighting
 - Level 15.0 Maces & Flails
 - Level 2.1 Dodging
 + Level 11.6 Invocations
 - Level 4.1 Evocations


You had 10 spell levels left.
You didn't know any spells.
Your spell library contained the following spells:

 Spells                   Type           Power      Damage    Failure   Level
 Mercury Vapours          Alch/Air       0%         N/A       82%         2
 Mephitic Cloud           Conj/Alch/Air  0%         N/A       96%         3
 Stone Arrow              Conj/Erth      0%         3d7       96%         3
 Animate Armour           Summ/Erth      0%         N/A       100%        4
 Animate Dead             Necr           0%         N/A       100%        4
 Borgnjor's Vile Clutch   Necr/Erth      0%         N/A       100%        5
 Freezing Cloud           Conj/Ice/Air   0%         6-21      100%        5
 Death Channel            Necr           0%         N/A       100%        6
 Lehudib's Crystal Spear  Conj/Erth      0%         10d2      100%        8


Dungeon Overview and Level Annotations

Branches:
Dungeon (10/15)            Temple (0/1) D:5
   Lair: D:8-11         Orc: D:9-12

Altars:
Elyvilon
Nemelex Xobeh
Qazlal
Ru
Sif Muna

Shops:
D:6 (   D:7 ??

Annotations:
D:6 1 runed translucent door, senf's ghost, novice OnGl


Innate Abilities, Weirdness & Mutations

Your spellcasting is much less encumbered by armour.
You can use scrolls of enchantment on lesser artefacts.


Message History

You are too injured to fight recklessly!
You are too injured to fight recklessly!
You are too injured to fight recklessly!
You are too injured to fight recklessly!
You are too injured to fight recklessly!
You are too injured to fight recklessly!
You are too injured to fight recklessly!
You are too injured to fight recklessly!
You are too injured to fight recklessly!
You are too injured to fight recklessly!
You are too injured to fight recklessly!
You are too injured to fight recklessly!
You are too injured to fight recklessly!
You are too injured to fight recklessly!
You hit the komodo dragon.
The komodo dragon is heavily wounded.
You hit the komodo dragon but do no damage.
The komodo dragon is heavily wounded.
The komodo dragon barely misses you.
You sock the komodo dragon!
The komodo dragon is severely wounded.
The komodo dragon bites you!!
You hit the komodo dragon but do no damage.
The komodo dragon is severely wounded.
Okay, then.
You sock the komodo dragon!
The komodo dragon is almost dead.
The komodo dragon bites you!!
* * * LOW HITPOINT WARNING * * *
Okay, then.
Okay, then.
Okay, then.
You draw a card...
You have drawn the Tomb.
Walls emerge from the floor!
The komodo dragon bites you!
* * * LOW HITPOINT WARNING * * *
You draw a card...
You have drawn the Elixir.
You begin rapidly regenerating health and magic.
The komodo dragon bites you!
You die...
Your body glows with a rainbow of weird colours and disappears.

#.# #..# .P.....
#.######..#####P...P..
#............#....!..
########.......P.PY#
########......#......#
.............##......#
########......#T.P...#
#.....#l#.P.P...P
#.....#@##P......
###.##### .P(.... #.#
#.# #...PP. #.# #.#
##.... #.# ... ##..
#.# #.. #. ..# ##. ###
.#


You could see a komodo dragon and a troll.

Vanquished Creatures
  A two-headed ogre (D:8)
  2 necromancers (D:9)
  An ugly thing (D:9)
  2 centaur zombies (D:9)
  A troll (D:9)
  4 hornets
  Grinder (D:4)
  3 meliai zombies (D:9)
  3 vampires (D:9)
  21 yaks
  2 wraiths
  2 wyverns (D:9)
  A warg (D:8)
  2 acid dragons (D:8)
  A water moccasin (D:7)
  Duvessa (D:5)
  2 orc warriors
  A black bear (D:10)
  2 ice beasts
  A sky beast (D:6)
  2 ogres
  8 centaurs
  3 phantoms (D:9)
  3 kobold brigands
  3 bullfrogs
  2 scorpions (D:5)
  7 wights (D:9)
  Dowan (D:5)
  3 killer bees (D:9)
  4 howler monkeys
  4 bombardier beetles
  A jelly (D:7)
  5 orc priests
  2 gnoll boudas
  3 hounds
  An iguana (D:5)
  7 orc wizards
  14 gnolls
  7 adders
  3 shadow imps
  A white imp (D:6)
  2 ufetubi (D:6)
  A dart slug (D:4)
  A ribbon worm (D:5)
  23 orcs
  7 ball pythons
  10 endoplasms
  3 giant cockroaches
  9 goblins
  5 hobgoblins
  11 jackals
  19 kobolds
  7 quokkas
  5 bats
  2 frilled lizards
  8 rats
251 creatures vanquished.

Vanquished Creatures (collateral kills)
  A shadow (D:9)
  A kobold (D:9)
2 creatures vanquished.

Grand Total: 253 creatures vanquished

Notes
Turn   | Place    | Note
-------+----------+-------------------------------------------
     0 | D:1      | bearlyready the Mountain Dwarf Monk began the quest for the
                  | Orb.
     0 | D:1      | Reached XP level 1. HP: 19/19 MP: 1/1
   146 | D:1      | Reached skill level 4 in Maces & Flails
   146 | D:1      | Reached XP level 2. HP: 25/26 MP: 2/2
   378 | D:1      | Reached XP level 3. HP: 25/33 MP: 3/3
   894 | D:2      | Reached XP level 4. HP: 36/41 MP: 4/4
  1025 | D:2      | Reached skill level 5 in Maces & Flails
  1500 | D:3      | Reached skill level 5 in Fighting
  1500 | D:3      | Reached XP level 5. HP: 15/48 MP: 5/5
  2118 | D:4      | Reached skill level 6 in Maces & Flails
  2149 | D:4      | Noticed Grinder
  2161 | D:4      | Killed Grinder
  2162 | D:4      | Reached XP level 6. HP: 57/57 MP: 6/6
  2428 | D:4      | Reached skill level 7 in Maces & Flails
  2481 | D:4      | Found a white marble altar of Elyvilon.
  2628 | D:4      | Found a sparkling altar of Nemelex Xobeh.
  2843 | D:4      | Became a worshipper of Nemelex Xobeh the Trickster
  2843 | D:4      | Reached * piety under Nemelex Xobeh
  2843 | D:4      | Received a gift from Nemelex Xobeh
  2843 | D:4      | Reached ** piety under Nemelex Xobeh
  2876 | D:5      | Entered Level 5 of the Dungeon
  2927 | D:5      | Reached XP level 7. HP: 18/64 MP: 7/7
  3103 | D:5      | Found a staircase to the Ecumenical Temple.
  3107 | D:5      | Reached skill level 8 in Maces & Flails
  3391 | D:5      | Noticed Duvessa
  3391 | D:5      | Noticed Dowan
  3402 | D:5      | Killed Dowan
  3403 | D:5      | Reached XP level 8. HP: 61/74 MP: 8/8
  3418 | D:5      | Killed Duvessa
  3706 | D:5      | Received a gift from Nemelex Xobeh
  3841 | D:5      | Reached skill level 9 in Maces & Flails
  4108 | D:6      | Found Soocs's Weapon Shoppe.
  4434 | D:6      | Found a runed translucent door.
  4436 | D:6      | Noticed senf's ghost (novice OnGl)
  4645 | D:6      | Found a shimmering blue altar of Sif Muna.
  4713 | D:7      | Reached *** piety under Nemelex Xobeh
  4727 | D:6      | Reached skill level 10 in Maces & Flails
  4846 | D:7      | Found Samiap's Magic Scroll Emporium.
  4854 | D:7      | Bought a scroll of teleportation for 36 gold pieces
  4854 | D:7      | Bought a scroll of teleportation for 36 gold pieces
  4854 | D:7      | Bought 3 scrolls of identify for 72 gold pieces
  4854 | D:7      | Bought a scroll of identify for 24 gold pieces
  4854 | D:7      | Bought a scroll of identify for 24 gold pieces
  4928 | D:7      | Found a stormy altar of Qazlal.
  4979 | D:7      | Received a gift from Nemelex Xobeh
  5078 | D:7      | Reached XP level 9. HP: 85/85 MP: 9/9
  5372 | D:7      | Reached skill level 10 in Fighting
  5501 | D:7      | Reached skill level 11 in Maces & Flails
  5881 | D:7      | Found Aquap's Magic Scroll Shoppe.
  5884 | D:7      | Bought a scroll of teleportation for 48 gold pieces
  5884 | D:7      | Bought a scroll of teleportation for 48 gold pieces
  6221 | D:8      | Received a gift from Nemelex Xobeh
  6258 | D:8      | Found a sacrificial altar of Ru.
  6344 | D:8      | Noticed a two-headed ogre
  6364 | D:8      | Killed a two-headed ogre
  6365 | D:8      | Reached skill level 12 in Maces & Flails
  6584 | D:8      | Reached **** piety under Nemelex Xobeh
  7189 | D:9      | Noticed a purple ugly thing
  7218 | D:9      | Noticed a two-headed ogre
  7227 | D:9      | Banished a two-headed ogre
  7228 | D:9      | Reached XP level 10. HP: 67/97 MP: 10/10
  7235 | D:9      | Reached skill level 13 in Maces & Flails
  7502 | D:9      | Paralysed by a hornet for 3 turns
  7504 | D:9      | Reached skill level 1 in Invocations
  7504 | D:9      | Reached skill level 1 in Evocations
  8188 | D:9      | Received a gift from Nemelex Xobeh
  8250 | D:9      | Reached skill level 14 in Maces & Flails
  8450 | D:8      | Reached skill level 5 in Invocations
  8470 | D:9      | Reached XP level 11. HP: 77/104 MP: 13/15
  8835 | D:9      | Noticed a necromancer
  8851 | D:9      | Killed a necromancer
  9129 | D:8      | Reached skill level 15 in Maces & Flails
  9374 | D:9      | Killed a purple ugly thing
  9565 | D:9      | Paralysed by a hornet for 3 turns
  9889 | D:9      | Noticed a necromancer
  9933 | D:9      | Killed a necromancer
  9934 | D:9      | Reached skill level 10 in Invocations
 10345 | D:9      | Identified the +0 swamp dragon scales "Foemied" {rPois
                  | MP+9}
 10345 | D:9      | Noticed a skeletal warrior
 10578 | D:10     | Entered Level 10 of the Dungeon
 10645 | D:10     | HP: 4/104 [komodo dragon (13)]
 10646 | D:10     | Slain by a komodo dragon

Illustrated notes

Levels and vault maps discovered:
D:1:      lightli_arrival_statue_moat, layout_rooms
D:2:      layout_rooms
D:3:      layout_loops_cross
D:4:      layout_loops_ring, nicolae_elyvilon_temple_path,
          nemelex_spade_bored_becter, nicolae_elevator_lobby_asterisk,
          uniq_grinder
D:5:      corexii_shack_village, layout_basic, minmay_temple_entry_mini_moons,
          grunt_decor_mini_mirrors, kennysheep_generic_room_4, uniq_duvessa
D:6:      layout_rooms, led_sif_book, serial_shops, nicolae_square_shop,
          ebering_ghost_inner_flame
D:7:      layout_rooms, grunt_qazlal_clouds, serial_shops,
          nicolae_shop_rolled_up, shop, st_stairs_9
D:8:      layout_gridville, mainiacjoe_overflow_catwalk,
          hangedman_abyss_or_decor_passed, minmay_crossroads
D:9:      bobbens_index_wilting_gardens, layout_basic
D:10:     layout_loops_ring, minmay_overflow_temple_star_quad,
          grunt_lair_entry_orc_guard_hut, uniq_urug

Skill      XL: |  1  2  3  4  5  6  7  8  9 10 11 |
---------------+----------------------------------+-----
Maces & Flails | 4 5 6 7 8 10 12 14 15 | 15.0
Fighting       | 4 5 6 7 9 12 | 12.3
Invocations    | 5 11 | 11.6
Evocations     | 4 |  4.1
Dodging        | |  2.1

Action                     |  1- 3 |  4- 6 |  7- 9 | 10-12 || total
---------------------------+-------+-------+-------+-------++-------
  Melee: Mace              |    98 |    61 |       |       ||   159
         Whip              |       |    86 |   354 |   247 ||   687
         Flail             |       |       |       |   186 ||   186
  Throw: Dart              |       |     2 |     8 |       ||    10
         Stone             |       |       |     5 |       ||     5
 Invoke: Draw Destruction  |       |       |     5 |    13 ||    18
         Draw Escape       |       |       |     1 |     6 ||     7
         Draw Summoning    |       |       |       |     1 ||     1
    Use: Potion            |     1 |     1 |     1 |     1 ||     4
         Scroll            |       |       |    11 |     3 ||    14
 Armour: Robe              |    34 |       |       |       ||    34
         Plate armour      |    36 |   126 |   198 |   394 ||   754
         Skin              |       |     1 |    11 |     5 ||    17
  Dodge: Dodged            |    43 |    41 |   114 |   207 ||   405

Table legend: (Time is in decaauts)
 A = Elapsed time spent in this place.
 B = Non-inter-level travel time spent in this place.
 C = Inter-level travel time spent in this place.
 D = Time resting spent in this place.
 E = Time spent auto-exploring this place.
 F = Levels seen in this place.
 G = Mean time per level.
                   A        B        C        D        E       F      G
               +--------+--------+--------+--------+--------+-----+--------+
         Total |  10347 |   9943 |    404 |   1137 |   6907 |  10 | 1034.7 |
       Dungeon |  10347 |   9943 |    404 |   1137 |   6907 |  10 | 1034.7 |
               +--------+--------+--------+--------+--------+-----+--------+

Top non-repeatable levels by time:
     D:9: 2615 daAuts
     D:8: 1802 daAuts
     D:5: 1197 daAuts
     D:7: 1091 daAuts
     D:3: 810 daAuts
     D:4: 766 daAuts
     D:6: 696 daAuts
     D:1: 696 daAuts
     D:2: 610 daAuts
    D:10: 59 daAuts
